 Dungeon Crawl Stone Soup version 0.29-a0-22-gbf593b16ee (webtiles) character file.

Game seed: 7254347853139811137

55 Armakuni the Charlatan (level 4, 0/34 HPs)
             Began as a Human Artificer on Jan 29, 2022.
             Slain by Jessica (4 damage)
             ... on level 2 of the Dungeon.
             The game lasted 00:04:24 (2102 turns).

Armakuni the Charlatan (Human Artificer)            Turns: 2102, Time: 00:04:25

Health: 0/34       AC:  3    Str: 13 (15) XL:     4   Next: 14%
Magic:  4/4        EV: 11    Int:  9 (11) God:
Gold:   118        SH:  0    Dex: 10 (13) Spells: 3/3 levels left

rFire   . . .      SeeInvis .   a - +0 mace
rCold   . . .      Faith    .   (no shield)
rNeg    . . .      Spirit   .   b - +0 leather armour
rPois   .          Reflect  .   (no helmet)
rElec   .          Harm     .   (no cloak)
rCorr   .          Rampage  .   (no gloves)
Will    .....                   (no boots)
Stlth   +.........              (no amulet)
HPRegen 0.11/turn               (no ring)
MPRegen 0.09/turn               (no ring)

@: mighty
A: no striking features
a: no special abilities


You were on level 2 of the Dungeon.
You visited 1 branch of the dungeon, and saw 2 of its levels.

You collected 118 gold pieces.

Inventory:

Hand Weapons
 a - a +0 mace (weapon)
 j - a +0 long sword
Armour
 b - a +0 leather armour (worn)
Wands
 c - a wand of flame (8) (quivered)
 d - a wand of charming (15)
Potions
 f - 2 potions of invisibility
 g - a potion of curing {unknown}
 h - a potion of attraction {unknown}
 i - a potion of degeneration
Miscellaneous
 x - a piece from Xom's chessboard (inert)


   Skills:
 + Level 2.6 Fighting
 + Level 2.2 Maces & Flails
 - Level 2.0 Armour
 - Level 1.0 Dodging
 - Level 1.0 Stealth
 - Level 3.0 Evocations


You had 3 spell levels left.
You didn't know any spells.
Your spell library contained the following spells:

 Spells                   Type           Power      Damage    Failure   Level
 Ozocubu's Armour         Ice            0%         N/A       83%         3
 Ozocubu's Refrigeration  Ice            0%         4d5       100%        7


Dungeon Overview and Level Annotations

Branches:
Dungeon (2/15)

Altars:

Annotations:
D:2 Jessica


Message History

As you read the scroll labelled MECOVA ESI, it crumbles to dust.
You feel aware of your surroundings.
It was a scroll of magic mapping.
Jessica, a quokka and a kobold come into view.
Jessica is wielding a +0 club and wearing a +0 robe of the Archmagi.
Found a scroll labelled BAR DUERCHOUM.
Jessica shouts!
The kobold throws a stone.
The stone barely misses you.
Jessica moves out of view.
A kobold is nearby!
The quokka twitches its whiskers.
You sock the kobold!
You kill the kobold!
The quokka barely misses you.
You closely miss the quokka.
Jessica mumbles some strange words.
Jessica blinks!
The quokka bites you.
You hit the quokka.
You kill the quokka!
Jessica points at you and mumbles some strange words.
Pain shoots through your body!
You make a move on Xom's chessboard...
Jessica seems to speed up.
The chess piece greys!
Jessica casts a spell at you. Pain shoots through your body!
Okay, then.
Okay, then.
You close the door, pushing everything out of the way.
Jessica opens the door.
Jessica points at you and mumbles some strange words.
You resist with some effort.
You aren't carrying any scrolls.
It was a potion of might.
You feel very mighty all of a sudden.
It was a potion of degeneration.
There was something very wrong with that liquid.
You feel weakened.
You feel dopey.
You feel clumsy. Jessica hits you with a +0 club!
* * * LOW HITPOINT WARNING * * *
Jessica hits you with a +0 club.
You die...

######### #.......##
#........##
##..@......######
##..##@##....,...#####
#..##,†(##.,####.##...
#..#,,...#..##[.....†.
#..#,,...#..##.#.##.##
#..#,,..?#..##.#.##.#
#..##,..##..##.#.##.##
##..#####..#..........
#...........#.#.##...


You could see Jessica (fast).

Vanquished Creatures
  An adder (D:2)
  3 dart slugs
  3 ball pythons (D:1)
  A bat (D:1)
  5 endoplasms (D:1)
  2 giant cockroaches (D:1)
  3 goblins
  3 hobgoblins
  6 kobolds
  4 quokkas (D:2)
  2 frilled lizards (D:1)
  A rat (D:2)
34 creatures vanquished.

Notes
Turn   | Place    | Note
-------+----------+-------------------------------------------
     0 | D:1      | Armakuni the Human Artificer began the quest for the Orb.
     0 | D:1      | Reached XP level 1. HP: 15/15 MP: 1/1
    14 | D:1      | Found a faded altar of an unknown god.
   142 | D:1      | Reached skill level 1 in Maces & Flails
   142 | D:1      | Reached XP level 2. HP: 11/21 MP: 2/2
  1087 | D:1      | Reached XP level 3. HP: 24/27 MP: 3/3
  2025 | D:2      | Reached XP level 4. HP: 34/34 MP: 4/4
  2093 | D:2      | Noticed Jessica
  2102 | D:2      | Slain by Jessica

Illustrated notes

Levels and vault maps discovered:
D:1:      scummos_arrival_hexagon, layout_basic,
          shapermc_ecumenical_altar_flowoftime
D:2:      layout_loops_ring, kennysheep_jessica_study

Skill      XL: |  1  2  3 |
---------------+----------+-----
Maces & Flails | 1 2 |  2.2
Fighting       | 2 |  2.6
Armour         | |  2.0
Dodging        | |  1.0
Stealth        | |  1.0
Evocations     | |  3.0

Action                   |  1- 3 |  4- 6 || total
-------------------------+-------+-------++-------
Melee: Club              |    37 |       ||    37
       Whip              |    82 |       ||    82
       Punch             |     2 |       ||     2
       Mace              |     1 |    12 ||    13
Evoke: Piece from Xom's  |    16 |     1 ||    17
       Wand              |     7 |       ||     7
  Use: Scroll            |     2 |     1 ||     3
       Potion            |       |     2 ||     2
 Stab: Petrified         |     3 |       ||     3
       Sleeping          |     1 |       ||     1
Armor: Leather armour    |    48 |     3 ||    51
Dodge: Dodged            |    68 |     7 ||    75

Table legend: (Time is in decaauts)
 A = Elapsed time spent in this place.
 B = Non-inter-level travel time spent in this place.
 C = Inter-level travel time spent in this place.
 D = Time resting spent in this place.
 E = Time spent auto-exploring this place.
 F = Levels seen in this place.
 G = Mean time per level.
                   A        B        C        D        E       F      G
               +--------+--------+--------+--------+--------+-----+--------+
         Total |   2116 |   2091 |     25 |    708 |    976 |   2 | 1058.0 |
       Dungeon |   2116 |   2091 |     25 |    708 |    976 |   2 | 1058.0 |
               +--------+--------+--------+--------+--------+-----+--------+

Top non-repeatable levels by time:
     D:1: 1658 daAuts
     D:2: 458 daAuts
